NWL (28 & UNDER)
MOOSE JAW GHOSTBUSTERS @ SAN DIEGO SMASHERS
10/04/2027
 
TOP OF THE 1ST
Moose Jaw Ghostbusters batting - Pitching for San Diego Smashers : LHP Sloan Sanders
Pitching: LHP Sloan Sanders
Batting: SHB Carlos Córdova 0-0: Ball
1-0: Foul Ball, location: 2F
1-1: Fly out, F7 (Flyball, 78M)
Batting: LHB Dave Stewart 0-0: Called Strike
0-1: Foul Ball, location: 2F
0-2: Ball
1-2: Ball
2-2: Fly out, F8 (Line Drive, 89M)
Batting: RHB John Major 0-0: Ball
1-0: Called Strike
1-1: Foul Ball, location: 2F
1-2: Ground out 5-3 (Groundball, 56S)
Top of the 1st over - 0 run(s), 0 hit(s), 0 error(s), 0 left on base; Moose Jaw 0 - San Diego 0
BOTTOM OF THE 1ST
San Diego Smashers batting - Pitching for Moose Jaw Ghostbusters : RHP Máximo Marín
Pitching: RHP Máximo Marín
Batting: LHB Michael Myers 0-0: Ball
1-0: Ball
2-0: Ball
3-0: Called Strike
3-1: Base on Balls
Batting: RHB Ricardo Guzmán 0-0: Ball
Michael Myers is caught stealing 2nd base
1-0: Foul Ball, location: 2F
1-1: Ball
2-1: Ground out 6-3 (Groundball, 6M)
Batting: LHB Ken Phillips 0-0: Ball
1-0: Ball
2-0: Foul Ball, location: 2F
2-1: Ball
3-1: Foul Ball, location: 2F
3-2: Strikes out looking
Bottom of the 1st over - 0 run(s), 0 hit(s), 0 error(s), 0 left on base; Moose Jaw 0 - San Diego 0
TOP OF THE 2ND
Moose Jaw Ghostbusters batting - Pitching for San Diego Smashers : LHP Sloan Sanders
Batting: RHB Billy Mullins 0-0: SINGLE (Line Drive, 8LS)
Batting: LHB Will Vale 0-0: Ball
1-0: Ball
2-0: Foul Ball, location: 2F
2-1: Called Strike
2-2: Ball
Billy Mullins is caught stealing 2nd base
3-2: Strikes out swinging
Batting: RHB Luis Miguel Sánchez 0-0: Swinging Strike
0-1: Ball
1-1: Foul Ball, location: 2F
1-2: Ball
2-2: Foul Ball, location: 2F
2-2: Ball
3-2: Foul Ball, location: 2F
3-2: Foul Ball, location: 2F
3-2: Strikes out swinging
Top of the 2nd over - 0 run(s), 1 hit(s), 0 error(s), 0 left on base; Moose Jaw 0 - San Diego 0
BOTTOM OF THE 2ND
San Diego Smashers batting - Pitching for Moose Jaw Ghostbusters : RHP Máximo Marín
Batting: RHB Marty Hendrickson 0-0: Called Strike
0-1: Ball
1-1: Swinging Strike
1-2: SINGLE (Groundball, 6MD)
Batting: LHB Ramiro Martínez 0-0: Fly out, F8 (Flyball, 8RM)
Batting: RHB Gustavo Torres 0-0: Called Strike
0-1: Ball
1-1: Ball
2-1: Ball
3-1: Foul Ball, location: 2F
3-2: Strikes out looking
Batting: RHB Larry Turner 0-0: Ball
1-0: Ball
2-0: Ball
3-0: Foul Ball, location: 2F
3-1: Base on Balls
Marty Hendrickson to second
Batting: LHB Joe Baker 0-0: Ground out 1-3 (Groundball, P)
Bottom of the 2nd over - 0 run(s), 1 hit(s), 0 error(s), 2 left on base; Moose Jaw 0 - San Diego 0
TOP OF THE 3RD
Moose Jaw Ghostbusters batting - Pitching for San Diego Smashers : LHP Sloan Sanders
Batting: SHB Martín Cruz 0-0: Called Strike
0-1: SINGLE (Groundball, 4MD)
Batting: RHB Don Turner 0-0: Fly out, F7 (Line Drive, 7)
Batting: RHB Andrew Weatherly 0-0: Called Strike
0-1: Called Strike
0-2: Grounds into double play, 4-6-3 (Groundball, 4D)
Top of the 3rd over - 0 run(s), 1 hit(s), 0 error(s), 0 left on base; Moose Jaw 0 - San Diego 0
BOTTOM OF THE 3RD
San Diego Smashers batting - Pitching for Moose Jaw Ghostbusters : RHP Máximo Marín
Batting: RHB Nate Atkinson 0-0: Ball
1-0: Fly out, F3 (Line Drive, 3)
Batting: LHB Michael Myers 0-0: Ball
1-0: Ball
2-0: SINGLE (Groundball, 34D)
Batting: RHB Ricardo Guzmán 0-0: Ball
1-0: Called Strike
Michael Myers steals 2nd base
1-1: Swinging Strike
1-2: Strikes out looking
Batting: LHB Ken Phillips 0-0: Ball
1-0: Foul Ball, location: 2F
1-1: Ball
2-1: Foul Ball, location: 2F
2-2: Foul Ball, location: 2F
2-2: Foul Ball, location: 2F
2-2: Ball
3-2: Fly out, F8 (Line Drive, 89D)
Bottom of the 3rd over - 0 run(s), 1 hit(s), 0 error(s), 1 left on base; Moose Jaw 0 - San Diego 0
TOP OF THE 4TH
Moose Jaw Ghostbusters batting - Pitching for San Diego Smashers : LHP Sloan Sanders
Batting: SHB Carlos Córdova 0-0: Called Strike
0-1: Called Strike
0-2: Strikes out swinging
Batting: LHB Dave Stewart 0-0: Ball
1-0: DOUBLE (Flyball, 78D)
Batting: RHB John Major 0-0: Ball
1-0: Called Strike
1-1: Swinging Strike
1-2: Foul Ball, location: 2F
1-2: Foul Ball, location: 2F
1-2: Foul Ball, location: 2F
1-2: Foul Ball, location: 2F
1-2: Foul Ball, location: 2F
1-2: Strikes out swinging
Batting: RHB Billy Mullins 0-0: Called Strike
0-1: Ball
1-1: Called Strike
1-2: Ball
2-2: Foul Ball, location: 2F
2-2: Ball
3-2: Foul Ball, location: 2F
3-2: Foul Ball, location: 2F
3-2: Foul Ball, location: 2F
3-2: Foul Ball, location: 2F
3-2: Foul Ball, location: 2F
3-2: Ground out 5-3 (Groundball, 56)
Top of the 4th over - 0 run(s), 1 hit(s), 0 error(s), 1 left on base; Moose Jaw 0 - San Diego 0
BOTTOM OF THE 4TH
San Diego Smashers batting - Pitching for Moose Jaw Ghostbusters : RHP Máximo Marín
Batting: RHB Marty Hendrickson 0-0: Ball
1-0: Ball
2-0: Swinging Strike
2-1: Foul Ball, location: 2F
2-2: Strikes out swinging
Batting: LHB Ramiro Martínez 0-0: Called Strike
0-1: Called Strike
0-2: Strikes out swinging
Batting: RHB Gustavo Torres 0-0: Ball
1-0: Ball
2-0: Foul Ball, location: 2F
2-1: Foul Ball, location: 2F
2-2: Foul Ball, location: 2F
2-2: Fly out, F9 (Flyball, 9)
Bottom of the 4th over - 0 run(s), 0 hit(s), 0 error(s), 0 left on base; Moose Jaw 0 - San Diego 0
TOP OF THE 5TH
Moose Jaw Ghostbusters batting - Pitching for San Diego Smashers : LHP Sloan Sanders
Batting: LHB Will Vale 0-0: Ball
1-0: Ball
2-0: Ground out 4-3 (Groundball, 4M)
Batting: RHB Luis Miguel Sánchez 0-0: Ground out 5-3 (Groundball, 56S)
Batting: SHB Martín Cruz 0-0: Ball
1-0: Ball
2-0: Foul Ball, location: 2F
2-1: Foul Ball, location: 2F
2-2: Foul Ball, location: 2F
2-2: Fly out, F5 (Popup, 56)
Top of the 5th over - 0 run(s), 0 hit(s), 0 error(s), 0 left on base; Moose Jaw 0 - San Diego 0
BOTTOM OF THE 5TH
San Diego Smashers batting - Pitching for Moose Jaw Ghostbusters : RHP Máximo Marín
Batting: RHB Larry Turner 0-0: Ball
1-0: Called Strike
1-1: Ball
2-1: Swinging Strike
2-2: Ball
3-2: Foul Ball, location: 2F
3-2: Base on Balls
Batting: LHB Joe Baker 0-0: Ball
1-0: Ball
2-0: Called Strike
2-1: Ball
3-1: Base on Balls
Larry Turner to second
Batting: RHB Nate Atkinson 0-0: Foul Ball, location: 2F
0-1: Ball
1-1: Called Strike
1-2: Strikes out swinging
Batting: LHB Michael Myers 0-0: Foul Ball, location: 2F
0-1: Ball
1-1: Foul Ball, location: 2F
1-2: Ball
2-2: Fielders Choice at 2nd, 4-6 (Groundball, 34)
Larry Turner to third
Batting: RHB Ricardo Guzmán 0-0: Ball
1-0: Ground out 5-3 (Groundball, 56S)
Bottom of the 5th over - 0 run(s), 0 hit(s), 0 error(s), 2 left on base; Moose Jaw 0 - San Diego 0
TOP OF THE 6TH
Moose Jaw Ghostbusters batting - Pitching for San Diego Smashers : LHP Sloan Sanders
Batting: RHB Don Turner 0-0: Ball
1-0: Swinging Strike
1-1: Ground out 6-3 (Groundball, 6)
Batting: RHB Andrew Weatherly 0-0: Ball
1-0: Ball
2-0: Ball
3-0: Base on Balls
Batting: SHB Carlos Córdova 0-0: Swinging Strike
0-1: Ball
1-1: Called Strike
1-2: Strikes out swinging
Batting: LHB Dave Stewart 0-0: Called Strike
0-1: Fielders Choice at 2nd, 6-4 (Groundball, 6)
Top of the 6th over - 0 run(s), 0 hit(s), 0 error(s), 0 left on base; Moose Jaw 0 - San Diego 0
BOTTOM OF THE 6TH
San Diego Smashers batting - Pitching for Moose Jaw Ghostbusters : RHP Máximo Marín
Batting: LHB Ken Phillips 0-0: Foul Ball, location: 2F
0-1: Ball
1-1: Swinging Strike
1-2: SINGLE (Line Drive, 34)
Batting: RHB Marty Hendrickson 0-0: Ball
1-0: Ball
2-0: Fly out, F9 (Flyball, 9D)
Batting: LHB Ramiro Martínez 0-0: Ball
1-0: Fielders Choice at 2nd, 3-6 (Groundball, 34)
Pitching: RHP José Estrada
Batting: RHB Gustavo Torres 0-0: Fielders Choice at 2nd, 4-6 (Groundball, 4)
Bottom of the 6th over - 0 run(s), 1 hit(s), 0 error(s), 0 left on base; Moose Jaw 0 - San Diego 0
TOP OF THE 7TH
Moose Jaw Ghostbusters batting - Pitching for San Diego Smashers : LHP Sloan Sanders
Batting: RHB John Major 0-0: Foul Ball, location: 2F
0-1: Foul Ball, location: 2F
0-2: Strikes out swinging
Batting: RHB Billy Mullins 0-0: Ball
1-0: Ball
2-0: Foul Ball, location: 2F
2-1: Swinging Strike
2-2: Strikes out swinging
Pinch Hitting: RHB Manuel Pérez 0-0: Ball
1-0: Ball
2-0: SINGLE (Line Drive, 5)
Batting: RHB Luis Miguel Sánchez 0-0: Foul Ball, location: 2F
0-1: Swinging Strike
0-2: Ball
Manuel Pérez is caught stealing 2nd base
Top of the 7th over - 0 run(s), 1 hit(s), 0 error(s), 0 left on base; Moose Jaw 0 - San Diego 0
BOTTOM OF THE 7TH
San Diego Smashers batting - Pitching for Moose Jaw Ghostbusters : RHP José Estrada
Now in RF: Manuel Pérez
Pinch Hitting: RHB Armando Colón 0-0: Called Strike
0-1: Ball
1-1: Ball
2-1: SINGLE (Line Drive, 4D)
Pinch Hitting: RHB Fred Ameris 0-0: Called Strike
0-1: Foul Ball, location: 2F
0-2: Ball
1-2: Foul Ball, location: 2F
1-2: Fly out, F7 (Flyball, 7D)
Batting: RHB Nate Atkinson 0-0: Ball
1-0: Called Strike
1-1: Called Strike
1-2: Strikes out swinging
Batting: LHB Michael Myers 0-0: Ball
1-0: Ball
2-0: Ball
3-0: Base on Balls
Armando Colón to second
Batting: RHB Ricardo Guzmán 0-0: Called Strike
0-1: Swinging Strike
0-2: Strikes out swinging
Bottom of the 7th over - 0 run(s), 1 hit(s), 0 error(s), 2 left on base; Moose Jaw 0 - San Diego 0
TOP OF THE 8TH
Moose Jaw Ghostbusters batting - Pitching for San Diego Smashers : LHP Sloan Sanders
Pitching: LHP Jesús Martínez
Now at 3B: Armando Colón
Now at SS: Gilberto Guzmán
Batting: RHB Luis Miguel Sánchez 0-0: Ball
1-0: SINGLE (Line Drive, 6D)
Pinch Hitting: RHB Paco Hernández 0-0: Ball
1-0: Foul Ball, location: 2F
1-1: Fly out, F5 (Popup, 5L)
Batting: RHB Don Turner 0-0: Called Strike
0-1: Foul Ball, location: 2F
0-2: Ball
1-2: Foul Ball, location: 2F
1-2: Strikes out swinging
Batting: RHB Andrew Weatherly 0-0: Ball
1-0: Called Strike
Luis Miguel Sánchez steals 2nd base
1-1: Foul Ball, location: 2F
1-2: Foul Ball, location: 2F
1-2: Strikes out swinging
Top of the 8th over - 0 run(s), 1 hit(s), 0 error(s), 1 left on base; Moose Jaw 0 - San Diego 0
BOTTOM OF THE 8TH
San Diego Smashers batting - Pitching for Moose Jaw Ghostbusters : RHP José Estrada
Now at 3B: Nicholas Harris
Batting: LHB Ken Phillips 0-0: Foul Ball, location: 2F
0-1: Ball
1-1: Ball
2-1: SINGLE (Groundball, 34D)
Batting: RHB Marty Hendrickson 0-0: Ball
1-0: Foul Ball, location: 2F
1-1: Foul Ball, location: 2F
1-2: Ball
Passed Ball!
Ken Phillips to second
2-2: Strikes out swinging
Batting: LHB Ramiro Martínez 0-0: Intentional Walk
Pinch Hitting: LHB Jaime Icaza 0-0: SINGLE (Groundball, 56D)
Ken Phillips to third
Ramiro Martínez to second
Batting: RHB Armando Colón 0-0: Fly out, F9 (Line Drive, 89S)
Lined into DP, 9-5 (Line Drive, 89S)
Bottom of the 8th over - 0 run(s), 2 hit(s), 0 error(s), 2 left on base; Moose Jaw 0 - San Diego 0
TOP OF THE 9TH
Moose Jaw Ghostbusters batting - Pitching for San Diego Smashers : LHP Jesús Martínez
Pitching: LHP Jerry Beck
Now in LF: Jaime Icaza
Batting: SHB Carlos Córdova 0-0: Ball
1-0: Called Strike
1-1: Ball
2-1: Foul Ball, location: 2F
2-2: Strikes out swinging
Batting: LHB Dave Stewart 0-0: Ground out 6-3 (Groundball, 56)
Batting: RHB John Major 0-0: Ball
1-0: Called Strike
1-1: Fly out, F8 (Flyball, 8LD)
Top of the 9th over - 0 run(s), 0 hit(s), 0 error(s), 0 left on base; Moose Jaw 0 - San Diego 0
BOTTOM OF THE 9TH
San Diego Smashers batting - Pitching for Moose Jaw Ghostbusters : RHP José Estrada
Pitching: RHP Bennett Greer
Batting: RHB Gilberto Guzmán 0-0: Swinging Strike
0-1: Ball
1-1: Swinging Strike
1-2: Foul Ball, location: 2F
1-2: Strikes out looking
Pinch Hitting: SHB Michael Aisher 0-0: Called Strike
0-1: Ball
1-1: Swinging Strike
1-2: Strikes out looking
Batting: LHB Michael Myers 0-0: Swinging Strike
0-1: Ball
1-1: Called Strike
1-2: Strikes out looking
Bottom of the 9th over - 0 run(s), 0 hit(s), 0 error(s), 0 left on base; Moose Jaw 0 - San Diego 0
TOP OF THE 10TH
Moose Jaw Ghostbusters batting - Pitching for San Diego Smashers : LHP Jerry Beck
Now at C: John Bryant
Batting: RHB Billy Mullins 0-0: Foul Ball, location: 2F
0-1: Ball
1-1: Foul Ball, location: 2F
1-2: Foul Ball, location: 2F
1-2: Foul Ball, location: 2F
1-2: Strikes out looking
Batting: RHB Manuel Pérez 0-0: Ball
1-0: Ground out 6-3 (Groundball, 6)
Batting: RHB Luis Miguel Sánchez 0-0: Ball
1-0: Foul Ball, location: 2F
1-1: Swinging Strike
1-2: Ball
2-2: SINGLE (Groundball, 56S) (infield hit)
Pinch Hitting: RHB Aaron Murray 0-0: Ball
1-0: Called Strike
1-1: Ball
Balk!
Luis Miguel Sánchez to second
2-1: Called Strike
2-2: Ground out 4-3 (Groundball, 4)
Top of the 10th over - 0 run(s), 1 hit(s), 0 error(s), 1 left on base; Moose Jaw 0 - San Diego 0
BOTTOM OF THE 10TH
San Diego Smashers batting - Pitching for Moose Jaw Ghostbusters : RHP Bennett Greer
Now at 3B: Aaron Murray
Batting: RHB Ricardo Guzmán 0-0: Ground out 6-3 (Groundball, 6)
Batting: LHB Ken Phillips 0-0: Ball
1-0: Ball
2-0: Foul Ball, location: 2F
2-1: Ball
3-1: SINGLE (Line Drive, 56D)
Batting: RHB Marty Hendrickson 0-0: Ball
1-0: Called Strike
1-1: Ball
2-1: Fielders Choice at 2nd, 3-6 (Groundball, 34)
Batting: LHB Ramiro Martínez 0-0: Ball
Passed Ball!
Marty Hendrickson to second
1-0: Swinging Strike
1-1: Ball
2-1: Foul Ball, location: 2F
2-2: Ball
3-2: Fly out, F7 (Flyball, 78M)
Bottom of the 10th over - 0 run(s), 1 hit(s), 0 error(s), 1 left on base; Moose Jaw 0 - San Diego 0
TOP OF THE 11TH
Moose Jaw Ghostbusters batting - Pitching for San Diego Smashers : LHP Jerry Beck
Pitching: RHP Joe Shoemaker
Batting: RHB Don Turner 0-0: Called Strike
0-1: Ball
1-1: Ball
2-1: Ball
3-1: Foul Ball, location: 2F
3-2: Strikes out swinging
Batting: RHB Andrew Weatherly 0-0: Ball
1-0: Called Strike
1-1: Ball
2-1: Swinging Strike
2-2: Strikes out swinging
Batting: SHB Carlos Córdova 0-0: Ball
1-0: Foul Ball, location: 2F
1-1: Swinging Strike
1-2: Foul Ball, location: 2F
1-2: Ball
2-2: Strikes out swinging
Top of the 11th over - 0 run(s), 0 hit(s), 0 error(s), 0 left on base; Moose Jaw 0 - San Diego 0
BOTTOM OF THE 11TH
San Diego Smashers batting - Pitching for Moose Jaw Ghostbusters : RHP Bennett Greer
Pitching: RHP Whit Johnson
Batting: LHB Jaime Icaza 0-0: Ball
1-0: Swinging Strike
1-1: Foul Ball, location: 2F
1-2: Ball
2-2: Strikes out swinging
Batting: RHB Armando Colón 0-0: Fly out, F9 (Flyball, 9S)
Batting: RHB Gilberto Guzmán 0-0: Foul Ball, location: 2F
0-1: Ball
1-1: Fly out, F5 (Line Drive, 56)
Bottom of the 11th over - 0 run(s), 0 hit(s), 0 error(s), 0 left on base; Moose Jaw 0 - San Diego 0
TOP OF THE 12TH
Moose Jaw Ghostbusters batting - Pitching for San Diego Smashers : RHP Joe Shoemaker
Batting: LHB Dave Stewart 0-0: Called Strike
0-1: Ball
1-1: Swinging Strike
1-2: Ball
2-2: Strikes out swinging
Batting: RHB John Major 0-0: Fly out, F9 (Flyball, 9LMF)
Batting: RHB Billy Mullins 0-0: Ball
1-0: Called Strike
1-1: Ball
2-1: Ball
3-1: Fly out, F8 (Flyball, 8RS)
Top of the 12th over - 0 run(s), 0 hit(s), 0 error(s), 0 left on base; Moose Jaw 0 - San Diego 0
BOTTOM OF THE 12TH
San Diego Smashers batting - Pitching for Moose Jaw Ghostbusters : RHP Whit Johnson
Pinch Hitting: SHB Walt Rodgers 0-0: Swinging Strike
0-1: Foul Ball, location: 2F
0-2: Strikes out looking
Batting: LHB Michael Myers 0-0: Fly out, F8 (Flyball, 8LS)
Batting: RHB Ricardo Guzmán 0-0: TRIPLE (Line Drive, 7LS)
Batting: LHB Ken Phillips 0-0: Ball
1-0: Ball
2-0: Ball
3-0: Called Strike
3-1: Foul Ball, location: 2F
3-2: Foul Ball, location: 2F
3-2: Base on Balls
Batting: RHB Marty Hendrickson 0-0: SINGLE (Line Drive, 4)
Ricardo Guzmán scores
Thursday, March 30th, 2017 - OOTP Baseball 17.12 Build 75